 Dungeon Sprint DCSS version 0.23-a0-208-gb6b040f (webtiles) character file.

8367 Fang the Severer (level 11, -4/181 HPs)
             Began as a Gargoyle Berserker on Sept 18, 2018.
             Was an Elder of Trog.
             Slain by a chaos spawn (9 damage)
             ... summoned by an orc high priest
             ... in the Dungeon (Sprint IX: "|||||||||||||||||||||||||||||") on Sept 25, 2018.
             The game lasted 00:06:20 (1918 turns).

Fang the Severer (Gargoyle Berserker)               Turns: 1918, Time: 00:06:22

Health: -4/181     AC: 21    Str: 28      XL:     11   Next: 29%
Magic:  11/11      EV:  2    Int: 12 (13) God:    Trog [****..]
Gold:   1122       SH:  0    Dex: 13      Spells: 10/10 levels left

rFire    . . .     SeeInvis .   y - +3 battleaxe of Free Will {freeze, +Rage rN+ Int+4 Dex+4}
rCold    . . .     Gourm    .   (shield currently unavailable)
rNeg     + + +     Faith    .   (armour currently unavailable)
rPois    ∞         Spirit   .   (helmet currently unavailable)
rElec    .         Reflect  .   (cloak currently unavailable)
rCorr    .         Harm     .   (gloves currently unavailable)
MR       .....     NoTele   +   (boots currently unavailable)
Stlth    ..........             (no amulet)
HPRegen  0.40/turn              b - +2 ring of evasion
MPRegen  0.12/turn              o - +2 ring of evasion

@: berserking, tree-form, corroded, very quick
A: negative energy resistance 1, petrification resistance, rot immunity, AC +8
a: Berserk, Trog's Hand, Brothers in Arms, Renounce Religion, Evoke Berserk Rage


You were in the Dungeon.
You worshipped Trog.
Trog was greatly pleased with you.
You were very hungry.
You were a tree.
You visited 1 branch You collected 1122 gold pieces.

Inventory:

Hand Weapons
 a - a +0 hand axe
 m - a +3 war axe of chopping
 v - the +7 battleaxe of the Blowfly {drain, *Slow rF+ Str+2}
   (Trog gifted it to you in the Dungeon)

   A truly terrible weapon, it drains the life of those it strikes.
   It affects your strength (+2).
   It protects you from fire.
   It may slow you when you take damage.
 w - a +5 antimagic broad axe
 y - the +3 battleaxe of Free Will (weapon) {freeze, +Rage rN+ Int+4 Dex+4}
   (Trog gifted it to you in the Dungeon)

   It has been specially enchanted to freeze those struck by it, causing extra
   injury to most foes and up to half again as much damage against particularly
   susceptible opponents.
   It can also slow down cold-blooded creatures.
   It affects your intelligence (+4).
   It affects your dexterity (+4).
   It protects you from negative energy.
   It lets you go berserk.
 A - a +2 battleaxe of flaming
Armour
 n - a +2 ring mail (melded)
 p - a +0 cloak (melded)
Jewellery
 b - a +2 ring of evasion (left branch)
 o - a +2 ring of evasion (right branch)
Wands
 l - a wand of acid (10)
Scrolls
 i - 2 scrolls of blinking
 k - 4 scrolls of remove curse
 s - 3 scrolls of fog
 t - 2 scrolls of enchant armour
Potions
 d - 4 potions of curing
 e - a potion of heal wounds
 f - a potion of haste
 g - 4 potions of magic
 h - a potion of berserk rage
 j - a potion of invisibility
 q - 3 potions of brilliance
 r - 2 potions of agility
Comestibles
 c - 12 rations


   Skills:
 + Level 15.1 Fighting
 + Level 17.3 Axes
 + Level 9.3 Armour
 + Level 7.5 Dodging
 + Level 3.8 Stealth


You had 10 spell levels left.
You didn't know any spells.
Your spell library was empty.

Dungeon Overview and Level Annotations

Branches:
Dungeon (1/1)

Altars:
Cheibriados
Dithmenos
Elyvilon
Fedhas
Gozag
Hepliaklqana
Kikubaaqudgha
Makhleb
Nemelex Xobeh
Okawaru
Qazlal
Ru
Sif Muna
Trog
Uskayaw
Vehumet
Wu Jian
Xom
Yredelemnul
Zin
The Shining One
Beogh
Jiyva
Lugonu

Shops:
D %


Innate Abilities, Weirdness & Mutations

You are resistant to torment.
((Your stone body is resilient. (AC +8)))
You are immune to poison.
You resist negative energy. (rN+)
((You are resistant to electric shocks. (rElec)))
((You can survive without breathing.))
You are immune to petrification.
You are immune to rotting.


Message History

Unknown command.
Okay, then.
You're too hungry.
Eat one of 8 chunks of flesh? (ye/n/q)
Okay, then.
Eat one of 8 chunks of flesh? (ye/n/q)
You eat one of the 8 chunks of flesh.
This raw flesh tastes terrible.
You are feeling hungry.
The orc high priest mumbles some strange prayers to Beogh against you.
Beogh smites you!
* * * LOW HITPOINT WARNING * * *
The chaos spawn barely misses you.
All of the chunks of flesh in your inventory have rotted away.
A red film seems to cover your vision as you go berserk!
You feel yourself moving faster!
You feel mighty!
You are feeling very hungry.
The chaos spawn hits you.
* * * LOW HITPOINT WARNING * * *
You are engulfed in flames!
You die...

..[.[)|?.'_______________________
▓▓▓▓▓▓▓▓▓▓▓▓▓▓▓▓▓▓▓▓▓▓▓▓▓▓▓▓▓▓▓▓▓
.................................
▓▓▓▓▓▓▓▓▓▓▓▓▓▓▓▓▓▓▓▓▓▓▓▓▓▓▓▓▓▓▓▓▓
.......÷.'........÷÷........÷†...
▓▓▓▓▓▓▓▓▓▓▓▓▓▓▓▓▓▓▓▓▓▓▓▓▓▓▓▓▓▓▓▓▓
)................................
▓▓▓▓▓▓▓▓▓▓▓▓▓▓▓▓▓▓▓▓▓▓▓▓▓▓▓▓▓▓▓▓▓
oo$$§)))33o4♣O))))))..)....))
▓▓▓▓▓▓▓▓▓▓▓▓▓▓▓▓▓▓▓▓▓▓▓▓▓▓▓▓▓


You could see an orc high priest, a sixfirhy, a smoke demon, a chaos spawn and a
friendly ogre (berserk).

Vanquished Creatures
  An orc knight (D)
  Psyche (D)
  2 komodo dragons (D)
  3 spiny frogs (D)
  4 polar bears (D)
  A polar bear (shapeshifter) (D)
  2 hippogriffs (D)
  A blink frog (D)
  Eustachio (D)
  An acid dragon (D)
  A water moccasin (D)
  A porcupine (D)
  An ice beast (D)
  A sky beast (D)
  4 orc warriors (D)
  5 black bears (D)
  2 necrophages (D)
  2 wolves (D)
  An eye of draining (D)
  4 crocodiles (D)
  2 bullfrogs (D)
  A crimson imp (D)
  2 orc priests (D)
  A hound (D)
  3 orc wizards (D)
  An adder (D)
  A shadow imp (D)
  An ooze (D)
  9 orcs (D)
  A goblin (D)
  3 hobgoblins (D)
  A quokka (D)
65 creatures vanquished.

Vanquished Creatures (collateral kills)
  2 orc high priests (D)
  4 orc knights (D)
  An orc sorcerer (D)
  A yak (D)
  7 orc warriors (D)
  An orc priest (D)
16 creatures vanquished.

Grand Total: 81 creatures vanquished

Notes
Turn   | Place    | Note
-------+----------+-------------------------------------------
     0 | D        | Fang the Gargoyle Berserker began the quest for the Orb.
     0 | D        | Reached XP level 1. HP: 14/14 MP: 1/1
     6 | D        | Reached skill level 3 in Axes
    14 | D        | Reached ** piety under Trog
    14 | D        | Reached XP level 2. HP: 8/20 MP: 2/2
   208 | D        | Noticed an ice beast
   213 | D        | Reached skill level 4 in Axes
   217 | D        | Reached *** piety under Trog
   225 | D        | Killed an ice beast
   225 | D        | Reached skill level 6 in Axes
   225 | D        | Reached XP level 3. HP: 21/28 MP: 3/3
   225 | D        | Reached XP level 4. HP: 24/32 MP: 4/4
   226 | D        | Reached XP level 5. HP: 29/38 MP: 5/5
   232 | D        | Found a roughly hewn altar of Beogh.
   232 | D        | Found a snail-covered altar of Cheibriados.
   232 | D        | Found a shadowy altar of Dithmenos.
   232 | D        | Found a white marble altar of Elyvilon.
   232 | D        | Found a blossoming altar of Fedhas.
   232 | D        | Found an opulent altar of Gozag.
   233 | D        | Found a hazy altar of Hepliaklqana.
   234 | D        | Found a viscous altar of Jiyva.
   235 | D        | Found an ancient bone altar of Kikubaaqudgha.
   236 | D        | Found a corrupted altar of Lugonu.
   237 | D        | Found a burning altar of Makhleb.
   238 | D        | Found a sparkling altar of Nemelex Xobeh.
   251 | D        | Found an iron altar of Okawaru.
   361 | D        | Found a stormy altar of Qazlal.
   362 | D        | Found a sacrificial altar of Ru.
   363 | D        | Found a deep blue altar of Sif Muna.
   364 | D        | Found a bloodstained altar of Trog.
   365 | D        | Found a hide-covered altar of Uskayaw.
   366 | D        | Found a radiant altar of Vehumet.
   367 | D        | Found an ornate altar of the Wu Jian Council.
   368 | D        | Found a shimmering altar of Xom.
   369 | D        | Found a basalt altar of Yredelemnul.
   370 | D        | Found a glowing silver altar of Zin.
   371 | D        | Found a glowing golden altar of the Shining One.
   425 | D        | Noticed a necrophage
   425 | D        | Noticed a necrophage
   425 | D        | Noticed an eye of draining
   425 | D        | Noticed a sky beast
   427 | D        | Killed a sky beast
   427 | D        | Reached **** piety under Trog
   427 | D        | Reached skill level 7 in Axes
   427 | D        | Reached skill level 1 in Stealth
   428 | D        | Reached skill level 8 in Axes
   428 | D        | Reached XP level 6. HP: 45/45 MP: 2/6
   431 | D        | Killed an eye of draining
   433 | D        | Reached skill level 9 in Axes
   436 | D        | Killed a necrophage
   436 | D        | Reached ***** piety under Trog
   436 | D        | Reached XP level 7. HP: 52/52 MP: 2/7
   438 | D        | Reached skill level 10 in Fighting
   438 | D        | Reached skill level 10 in Axes
   485 | D        | Noticed a yak
   485 | D        | Noticed a hog
   488 | D        | Reached skill level 5 in Armour
   494 | D        | Noticed a polar bear
   494 | D        | a hog changed into a polar bear
   499 | D        | Killed a polar bear
   499 | D        | Reached skill level 11 in Axes
   499 | D        | Reached XP level 8. HP: 59/59 MP: 8/8
   508 | D        | Reached skill level 5 in Dodging
   514 | D        | Killed a yak
   514 | D        | Received a gift from Trog
   514 | D        | Reached skill level 12 in Axes
   866 | D        | Noticed a spiny frog
   866 | D        | Noticed a blink frog
   877 | D        | Killed a blink frog
   878 | D        | Noticed a polar bear
   885 | D        | Killed a spiny frog
   885 | D        | Reached skill level 13 in Axes
   885 | D        | Reached XP level 9. HP: 65/65 MP: 9/9
   902 | D        | Killed a polar bear
  1000 | D        | Noticed a spiny frog
  1000 | D        | Noticed a komodo dragon
  1004 | D        | Noticed a spiny frog
  1005 | D        | Killed a komodo dragon
  1005 | D        | Received a gift from Trog
  1005 | D        | Reached skill level 14 in Axes
  1011 | D        | Killed a spiny frog
  1012 | D        | Noticed a komodo dragon
  1019 | D        | Reached XP level 10. HP: 72/72 MP: 10/10
  1028 | D        | Killed a spiny frog
  1028 | D        | Received a gift from Trog
  1028 | D        | Reached skill level 15 in Axes
  1045 | D        | Got a transparent battleaxe {god gift}
  1049 | D        | Identified the +7 battleaxe of the Blowfly {drain, *Slow
                  | rF+ Str+2} (Trog gifted it to you in the Dungeon)
  1239 | D        | Reached ****** piety under Trog
  1239 | D        | Received a gift from Trog
  1325 | D        | Noticed Psyche
  1330 | D        | Killed Psyche
  1330 | D        | Reached skill level 16 in Axes
  1376 | D        | Noticed Eustachio
  1439 | D        | Killed Eustachio
  1439 | D        | Received a gift from Trog
  1443 | D        | Got an ebony battleaxe {god gift}
  1444 | D        | Identified the +3 battleaxe of Free Will {freeze, +Rage rN+
                  | Int+4 Dex+4} (Trog gifted it to you in the Dungeon)
  1448 | D        | Upgraded the game from 0.23-a0-180-ga5275e7 to
                  | 0.23-a0-182-g58cdd98
  1448 | D        | Upgraded the game from 0.23-a0-182-g58cdd98 to
                  | 0.23-a0-208-gb6b040f
  1473 | D        | Received a gift from Trog
  1644 | D        | Noticed an orc knight
  1648 | D        | Noticed an orc sorcerer
  1657 | D        | Killed an orc knight
  1657 | D        | Received a gift from Trog
  1670 | D        | Reached XP level 11. HP: 62/80 MP: 11/11
  1674 | D        | Killed an orc sorcerer
  1682 | D        | Received a gift from Trog
  1861 | D        | Found Xoly's Food Boutique.
  1861 | D        | Noticed an orc knight
  1861 | D        | Noticed an orc high priest
  1861 | D        | Noticed an orc high priest
  1861 | D        | Noticed an orc knight
  1861 | D        | Noticed an orc knight
  1862 | D        | Noticed an orc knight
  1868 | D        | Killed an orc knight
  1870 | D        | Killed an orc knight
  1881 | D        | Killed an orc high priest
  1881 | D        | Reached skill level 17 in Axes
  1885 | D        | Killed an orc high priest
  1885 | D        | Reached skill level 15 in Fighting
  1889 | D        | Killed an orc knight
  1889 | D        | Received a gift from Trog
  1890 | D        | Noticed an orc high priest
  1893 | D        | Noticed a sun demon
  1895 | D        | Killed an orc knight
  1907 | D        | Noticed a sixfirhy
  1917 | D        | HP: 6/121 [orc high priest/divine providence (10)]
  1918 | D        | Slain by a chaos spawn

Vault maps used:
D:        linesprint

Skill      XL: |  1  2  3  4  5  6  7  8  9 10 11 |
---------------+----------------------------------+-----
Axes           | 3 6 8 9 11 13 14 16 17 | 17.3
Fighting       | 4 6 7 8 9 10 12 14 15 | 15.1
Dodging        | 2 3 4 5 6 7 |  7.5
Armour         | 3 4 5 6 7 8 9 |  9.3
Stealth        | 1 2 3 |  3.8

Action                   |  1- 3 |  4- 6 |  7- 9 | 10-12 || total
-------------------------+-------+-------+-------+-------++-------
Melee: Hand axe          |    29 |     1 |       |       ||    30
       War axe           |       |     7 |    74 |    19 ||   100
       Battleaxe         |       |       |       |    71 ||    71
Invok: Berserk           |     1 |     1 |     3 |     3 ||     8
       Brothers in Arms  |       |       |     1 |     6 ||     7
  Use: Potion            |       |       |       |     5 ||     5
  Eat: Chunk             |       |       |     5 |     7 ||    12
Armor: Animal skin       |     6 |       |       |       ||     6
       Ring mail         |       |     1 |    31 |    21 ||    53
       Skin              |       |       |       |     2 ||     2
Dodge: Dodged            |    10 |     3 |    50 |    53 ||   116

Table legend:
 A = Non-vault XP
 B = Vault XP
 C = Vault XP percentage of total XP
 D = Non-vault monster count
 E = Vault monster count
 F = Vault count percentage of total count
                 A         B        C        D         E       F
            +---------+---------+-------+---------+---------+-------
      Total |       0 |   11953 | 100.0 |       0 |      81 | 100.0
            +---------+---------+-------+---------+---------+-------
          D |       0 |   11953 | 100.0 |       0 |      81 | 100.0
            +---------+---------+-------+---------+---------+-------
